Match 41539436
Unlisted

Match 41539436
End
Scout Squad
Construct Weapon Support Center
M1919 Machine Gun Team
Selects Heavy Weapons
Selects Heavy Weapons
M1919 Machine Gun Team
Bazooka Squad
Infantry Support Center
M3 Armored Personnel Carrier
Construct Barracks
Riflemen Squad
Selects Assault Carriers
Construct Medical Station
Selects M2HB .50cal Heavy Machine Gun
Engineer Squad
M3 Assault Carrier
Selects Exchangeable Parts
Riflemen Squad
M1918 Browning Automatic Rifles
M3 Assault Carrier
Grenade Package
Engineer Squad
Construct Tank Depot
M4A1 Sherman Medium Tank
Selects M26 Pershing Heavy Tank
M26 Pershing Heavy Tank
Selects Gallant Stand
Selects Black Dragon Artillery Barrage
Riflemen Squad
M18 Hellcat Tank Destroyer
Black Dragon Artillery Barrage
Engineer Squad
Black Dragon Artillery Barrage
Farlion
Pob
Broly19HS
ooshyyyyyTTV
0
0

Comments sign in to comment!

No comments posted yet!